 Dungeon Crawl Stone Soup version 0.18.1-5-g4a78601 (webtiles) character file.

2369 shmeve the Fighter (level 9, -12/83 HPs)
             Began as a Minotaur Berserker on May 14, 2016.
             Was an Elder of Trog.
             Killed by nerve-wracking pain
             ... invoked by an orc priest
              (14 damage)
             ... on level 7 of the Dungeon.
             The game lasted 00:09:25 (5108 turns).

shmeve the Fighter (Minotaur Berserker)             Turns: 5108, Time: 00:09:26

Health: -12/83     AC: 14    Str: 24    XL:     9   Next: 21%
Magic:  8/8        EV: 10    Int:  5    God:    Trog [****..]
Gold:   327        SH:  0    Dex: 10    Spells: 0 memorised, 8 levels left

rFire  . . .     SeeInvis .     a - +0 hand axe
rCold  . . .     Gourm    .     B - +0 chain mail
rNeg   . . .     Faith    .     (no shield)
rPois  .         Spirit   .     (helmet restricted)
rElec  .         Dismiss  .     (no cloak)
rCorr  .         Reflect  .     m - +1 pair of gloves
SustAt .         Harm     .     h - +1 pair of boots
MR     .....                    (no amulet)
Stlth  ..........               (no ring)
                                (no ring)

@: drained, not resistant to hostile enchantments, extremely unstealthy
A: retaliatory headbutt, horns 2
a: Berserk, Trog's Hand, Brothers in Arms, Burn Spellbooks, Renounce Religion


You were on level 7 of the Dungeon.
You worshipped Trog.
Trog was greatly pleased with you.
You were not hungry.

You visited 1 branch of the dungeon, and saw 7 of its levels.

You collected 327 gold pieces.

Inventory:

Hand Weapons
 a - a +0 hand axe (weapon)
Missiles
 D - 12 javelins (quivered)
Armour
 h - a +1 pair of boots (worn)
 m - a +1 pair of gloves (worn)
 B - a +0 chain mail (worn)
Jewellery
 r - an uncursed ring of flight {unknown}
Scrolls
 b - a scroll of noise {unknown}
 d - 3 scrolls of teleportation {unknown}
 g - 10 scrolls of remove curse {unknown}
 k - 2 scrolls of enchant armour {unknown}
 l - 11 scrolls of identify {unknown}
 v - 2 scrolls of blinking {unknown}
 w - 3 scrolls of enchant weapon {unknown}
 x - a scroll of fog {unknown}
 y - a scroll of vulnerability {unknown}
 z - a scroll of fear {unknown}
 E - a scroll of recharging {unknown}
Potions
 e - a potion of brilliance {unknown}
 i - 2 potions of heal wounds {unknown}
 n - 3 potions of curing {unknown}
 p - 3 potions of flight {unknown}
 s - 2 potions of haste {unknown}
 t - 2 potions of degeneration {unknown}
 u - a potion of magic {unknown}
 A - 2 potions of cure mutation {unknown}
 C - a potion of resistance {unknown}
Comestibles
 c - 5 bread rations
 f - 3 meat rations
 j - a royal jelly
 o - 2 slices of pizza
 q - 2 fruits


   Skills:
 * Level 9.0(8.9) Fighting
 * Level 8.7(8.6) Axes
 + Level 4.0(3.9) Throwing
 + Level 6.1(6.0) Armour
 + Level 5.6 Dodging


You had 8 spell levels left.
You didn't know any spells.

Dungeon Overview and Level Annotations

Branches:
Dungeon (7/15)             Temple (0/1) D:4

Altars:
Gozag
Qazlal
Sif Muna
The Shining One

Shops:
D:4 :   D:6 (


Innate Abilities, Weirdness & Mutations

You reflexively headbutt those who attack you in melee.
You have a pair of horns on your head.


Message History

The bolt of electricity hits something.
The bolt of electricity hits you!
* * * LOW HITPOINT WARNING * * *
The orc priest misses you.
The orc wizard points at you and mumbles some strange words.
The magic dart hits you!
Unknown command.
Read which item? (? for menu, Esc to quit)
Okay, then.
A giant newt comes into view.
The orc hits you but does no damage. The orc wizard hits you with a dagger.
* * * LOW HITPOINT WARNING * * *
Found a deep blue altar of Sif Muna.
A magic dart appears from out of thin air!
The magic dart hits you! The orc hits you with a hand axe.
* * * LOW HITPOINT WARNING * * *
The orc wizard points at you and mumbles some strange words.
You easily resist.
The orc priest mumbles some strange prayers to Beogh against you.
Pain shoots through your body!
You die...

≈≈≈≈.≈≈≈≈..#.## #...
≈≈≈≈.≈≈≈≈.....###...#
.....≈≈≈≈.....#.....
≈≈≈...!.............
≈≈;.≈≈≈≈≈........# ##
#.
≈.≈≈≈≈≈..o....##..#...
≈.≈≈≈≈≈.#......#......
≈.≈≈≈≈≈.#.........#...
............o.@..l.#
..##....#....o...#....
.# ##..#.............#
#...#............$
#.#..#........#### #
#..#..........
...........#...# ..
...##...#.._#


You could see an orc priest, an orc wizard, an orc and a giant newt.

Vanquished Creatures
  Pikel (D:4)
  Sigmund (D:4)
  Duvessa (D:4)
  2 ice beasts
  4 slaves (D:4)
  A sky beast (D:5)
  An ogre (D:4)
  Blork the orc (D:4)
  A giant frog (D:6)
  Dowan (D:4)
  8 wights (D:6)
  2 howler monkeys (D:6)
  3 orc priests
  3 orc wizards (D:4)
  4 hounds
  2 iguanas
  Ijyb (D:3)
  Natasha (twice) (D:2)
  5 worker ants
  3 gnolls (D:3)
  7 adders
  2 oozes
  3 worms
  A dart slug (D:1)
  2 giant geckos (D:2)
  21 orcs
  8 bats
  5 giant cockroaches
  6 goblins
  5 hobgoblins
  7 jackals
  9 kobolds
  4 quokkas
  A giant gecko skeleton (D:4)
  5 giant newts
  4 rats
137 creatures vanquished.

Notes
Turn   | Place    | Note
--------------------------------------------------------------
     0 | D:1      | shmeve the Minotaur Berserker began the quest for the Orb.
     0 | D:1      | Reached XP level 1. HP: 19/19 MP: 0/0
   122 | D:1      | Reached XP level 2. HP: 12/27 MP: 1/1
   325 | D:1      | Reached skill level 4 in Fighting
  1018 | D:2      | Found a faded altar to an unknown god.
  1136 | D:2      | Reached XP level 3. HP: 33/33 MP: 2/2
  1143 | D:2      | Reached ** piety under Trog
  1198 | D:2      | Noticed Natasha
  1214 | D:2      | Killed Natasha
  1214 | D:2      | Reached XP level 4. HP: 5/41 MP: 3/3
  1231 | D:2      | Noticed Natasha
  1398 | D:2      | Killed Natasha
  1424 | D:2      | Reached skill level 1 in Throwing
  1428 | D:2      | Reached skill level 5 in Fighting
  1654 | D:3      | Reached XP level 5. HP: 32/48 MP: 4/4
  1672 | D:3      | Reached skill level 5 in Axes
  2109 | D:3      | Noticed Ijyb
  2123 | D:3      | Killed Ijyb
  2123 | D:3      | Reached XP level 6. HP: 54/57 MP: 5/5
  2168 | D:3      | Found an opulent altar of Gozag.
  2407 | D:3      | Reached *** piety under Trog
  2562 | D:3      | You fall through a shaft for 2 floors!
  2562 | D:5      | Entered Level 5 of the Dungeon
  2763 | D:4      | Found Laestreurgh's Book Shoppe.
  2833 | D:4      | Found a staircase to the Ecumenical Temple.
  2833 | D:4      | Noticed Duvessa
  2838 | D:4      | Noticed Dowan
  2849 | D:4      | Killed Duvessa
  2849 | D:4      | Reached skill level 6 in Fighting
  2851 | D:4      | Killed Dowan
  2851 | D:4      | Reached XP level 7. HP: 57/63 MP: 6/6
  3159 | D:4      | Noticed Blork the orc
  3170 | D:4      | Killed Blork the orc
  3170 | D:4      | Reached skill level 7 in Fighting
  3244 | D:4      | Noticed Sigmund
  3251 | D:4      | Killed Sigmund
  3251 | D:4      | Reached XP level 8. HP: 73/73 MP: 7/7
  3524 | D:4      | Noticed Pikel
  3536 | D:4      | Killed Pikel
  3536 | D:4      | Reached skill level 5 in Armour
  3536 | D:4      | Reached skill level 5 in Dodging
  3578 | D:4      | Reached **** piety under Trog
  3586 | D:4      | Reached skill level 8 in Fighting
  4290 | D:5      | Found a glowing golden altar of the Shining One.
  4643 | D:6      | Reached XP level 9. HP: 70/82 MP: 8/8
  4687 | D:6      | Found Ciav's Weapon Shoppe.
  4739 | D:6      | Reached skill level 9 in Fighting
  4835 | D:6      | Found a stormy altar of Qazlal.
  5106 | D:7      | Found a deep blue altar of Sif Muna.
  5106 | D:7      | HP: 2/83 [orc wizard/dagger (3)]
  5108 | D:7      | Killed from afar by an orc priest

Skill      XL: |  1  2  3  4  5  6  7  8  9 |
---------------+----------------------------+-----
Fighting       | 4 5 6 7 8 9 |  9.0
Axes           | 4 5 6 8 |  8.7
Armour         | 3 4 5 6 |  6.1
Throwing       | 1 2 3 4 |  4.0
Dodging        | 3 4 5 |  5.6

Action                   |  1- 3 |  4- 6 |  7- 9 || total
-------------------------+-------+-------+-------++-------
Melee: Hand axe          |    65 |   135 |   173 ||   373
       Headbutt          |     4 |    25 |    50 ||    79
Throw: Tomahawk          |       |       |     6 ||     6
       Javelin           |       |       |     5 ||     5
Invok: Trog's Hand       |     1 |     2 |     1 ||     4
       Berserk           |     1 |     1 |     5 ||     7
       Burn Spellbooks   |       |       |     1 ||     1
  Eat: Chunk             |     1 |     6 |    14 ||    21
Armor: Animal skin       |    26 |    20 |       ||    46
       Scale mail        |       |    52 |    64 ||   116
       Chain mail        |       |       |    45 ||    45
Dodge: Dodged            |    53 |   103 |    89 ||   245
